Map: Coda EC

Players

HeLeX - Winner!

  • Race: Zerg Zerg
  • League: Grandmaster

AgCl

  • Race: Protoss Protoss
  • League: Grandmaster

VOD

Have the link to the VOD?

Description

Time

  • Played on: May 29, 2015, 11:28 p.m.
  • Length: 10:16
Show
View Real Time Build Order
Export as new Build Order

HeLeX Zerg - Winner!

Build Orders: Hatch First, Lurkers 

Get SALT Encoding   

  12  0:01  Drone  
  13  0:16  Overlord  
  13  0:18  Drone  
  14  0:35  Drone  
  14  0:36  Drone  
  16  0:51  Hatchery  
  16  0:55  Drone  
  16  0:58  Drone  
  17  1:12  Spawning Pool  
  17  1:17  Drone  
  17  1:22  Drone  
  18  1:28  Overlord  
  18  1:34  Drone  
  19  1:41  Extractor  
  18  1:52  Drone  
  19  1:59  Queen  
  21  2:03  Queen  
  21  2:05  Drone x2  
  21  2:06  Drone  
  26  2:16  Drone x2  
  28  2:28  Drone x2  
  30  2:34  Extractor  
  29  2:37  Queen  
  29  2:39  Drone x2  
  33  2:46  Overlord  
  33  2:48  Zergling x2  
  34  2:59  Drone x2  
  36  3:11  Drone x3  
  39  3:18  Lair  
  39  3:19  Hatchery  
  38  3:27  Drone x2  
  38  3:28  Drone  
  38  3:30  Overlord  
  41  3:44  Roach Warren  
  41  3:46  Metabolic Boost  
  40  3:50  Drone x2  
  42  3:57  Spine Crawler  
  41  4:06  Drone x6  
  41  4:07  Drone x3  
  50  4:12  Spore Crawler  
  49  4:18  Overlord  
  49  4:26  Evolution Chamber  
  49  4:29  Evolution Chamber  
  47  4:32  Drone, Extractor  
  47  4:33  Drone x5, Extractor  
  51  4:49  Spore Crawler, Overseer  
  51  4:50  Queen  
  52  4:58  Glial Reconstitution  
  52  5:01  Zerg Missile Weapons Level 1  
  52  5:02  Hydralisk Den  
  51  5:08  Drone  
  51  5:09  Drone x8  
  60  5:16  Zerg Ground Armor Level 1  
  60  5:18  Overlord  
  60  5:26  Overlord x2  
  60  5:32  Infestation Pit  
  60  5:34  Muscular Augments  
  59  5:43  Pneumatized Carapace  
  59  5:45  Zergling x8  
  59  5:49  Drone  
  65  5:50  Drone x5  
  69  6:01  Hydralisk x3  
  69  6:02  Hydralisk  
  77  6:06  Extractor  
  77  6:07  Extractor  
  75  6:19  Overlord x3  
  75  6:20  Overlord x2  
  75  6:32  Lurker Den  
  74  6:34  Hive  
  74  6:41  Drone x7  
  74  6:42  Drone x4  
  85  6:48  Roach x3  
  85  6:51  Overseer  
  91  6:57  Roach x2  
  91  6:58  Roach x2  
  99  7:08  Hydralisk x3  
  96  7:15  Hydralisk x2  
  102  7:31  Spine Crawler  
  102  7:35  Hydralisk x3  
  107  7:46  Hatchery, Roach x3  
  107  7:47  Roach  
  114  7:51  Zerg Missile Weapons Level 2  
  113  8:00  Overlord x3, Zergling x2  
  114  8:12  Overlord x2  
  112  8:32  Zergling x12  
  112  8:33  Zergling x12  
  124  8:35  Lurker x3  
  124  8:36  Lurker x5  
  124  8:37  Lurker x2  
  134  8:42  Spore Crawler, Ventral Sacs  
  132  9:06  Swarm Host, Zergling x10  
  132  9:07  Zergling x10  
  142  9:11  Drone  
  142  9:12  Drone x9  
  150  9:26  Roach  
  150  9:27  Overlord x4  
  151  9:33  Drone, Overlord x3  
  151  9:34  Extractor  
  151  9:38  Extractor  
Show
View Real Time Build Order
Export as new Build Order

AgCl Protoss 

Build Orders: Nexus First 

Get SALT Encoding   

  12  0:02  Probe  
  13  0:14  Probe  
  14  0:37  Pylon  
  14  0:55  Nexus  
  14  1:16  Gateway  
  14  1:19  Forge  
  14  1:22  Probe  
  15  1:37  Probe (Chrono Boost), Assimilator  
  16  1:49  Probe (Chrono Boost)  
  17  1:58  Probe (Chrono Boost)  
  18  2:04  Gateway  
  20  2:08  Probe (Chrono Boost), Assimilator  
  20  2:11  Probe (Chrono Boost)  
  20  2:17  Probe (Chrono Boost)  
  20  2:19  Pylon  
  21  2:24  Probe (Chrono Boost)  
  21  2:27  Probe (Chrono Boost)  
  23  2:34  Probe (Chrono Boost)  
  23  2:35  Probe (Chrono Boost)  
  25  2:42  Probe (Chrono Boost)  
  27  2:47  Cybernetics Core  
  27  2:48  Probe (Chrono Boost)  
  27  2:54  Probe (Chrono Boost)  
  27  2:58  Probe (Chrono Boost)  
  29  3:00  Probe (Chrono Boost)  
  29  3:05  Probe  
  31  3:06  Assimilator  
  31  3:10  Probe (Chrono Boost)  
  32  3:17  Probe (Chrono Boost)  
  33  3:22  Probe (Chrono Boost)  
  33  3:25  Twilight Council  
  35  3:27  Probe (Chrono Boost)  
  35  3:28  Assimilator  
  35  3:30  Probe (Chrono Boost)  
  36  3:35  Probe (Chrono Boost)  
  36  3:39  Mothership Core (Chrono Boost)  
  39  3:42  Warp Gate (Chrono Boost)  
  39  3:47  Probe (Chrono Boost)  
  42  3:55  Robotics Facility  
  42  3:56  Probe (Chrono Boost)  
  42  3:57  Probe (Chrono Boost), Pylon  
  42  4:02  Blink (Chrono Boost)  
  42  4:03  Probe  
  42  4:05  Probe  
  44  4:15  Probe  
  45  4:19  Probe (Chrono Boost)  
  45  4:22  Pylon  
  47  4:31  Probe (Chrono Boost)  
  47  4:32  Probe (Chrono Boost)  
  47  4:41  Probe (Chrono Boost)  
  47  4:42  Probe (Chrono Boost)  
  47  4:43  Warp Prism  
  51  4:48  Probe  
  54  4:54  Pylon  
  54  4:56  Gateway  
  52  5:09  Protoss Ground Weapons Level 1 (Chrono Boost)  
  52  5:10  Gateway, Probe  
  52  5:13  Gateway x2  
  53  5:17  Nexus  
  53  5:18  Probe  
  54  5:21  Immortal (Chrono Boost)  
  54  5:23  Probe  
  59  5:30  Probe  
  59  5:31  Protoss Air Weapons Level 1 (Chrono Boost)  
  59  5:35  Probe  
  61  5:44  Probe  
  61  5:46  Stalker  
  61  5:47  Stalker  
  66  5:56  Observer (Chrono Boost)  
  67  6:08  Gateway  
  67  6:15  Gateway  
  67  6:24  Pylon  
  67  6:27  Pylon  
  67  6:30  Pylon  
  67  6:31  Assimilator x2  
  67  6:43  Immortal (Chrono Boost)  
  67  6:44  Shield Upgrade  
  71  6:53  Adept x3  
  71  6:54  Adept x2  
  79  6:57  Adept  
  73  7:24  Probe (Chrono Boost)  
  73  7:26  Probe (Chrono Boost)  
  73  7:27  Probe (Chrono Boost)  
  74  7:32  Probe (Chrono Boost), Immortal (Chrono Boost)  
  74  7:35  Probe (Chrono Boost)  
  74  7:36  Probe (Chrono Boost)  
  81  7:40  Protoss Ground Weapons Level 2 (Chrono Boost)  
  81  7:41  Probe (Chrono Boost)  
  81  7:44  Pylon  
  83  7:46  Probe (Chrono Boost)  
  83  7:47  Probe (Chrono Boost)  
  83  7:51  Pylon  
  85  7:52  Probe (Chrono Boost)  
  85  7:54  Probe (Chrono Boost)  
  85  7:55  Probe (Chrono Boost)  
  87  7:59  Stalker, Probe (Chrono Boost)  
  87  8:00  Stalker x4  
  87  8:01  Stalker x3  
  87  8:02  Probe  
  87  8:03  Probe  
  106  8:25  Photon Cannon  
  106  8:30  Gateway x2, Pylon  
  106  8:34  Stalker x3  
  106  8:35  Stalker x3  
  106  8:37  Stalker, Pylon  
  118  8:41  Nexus  
  118  8:42  Pylon  
  118  8:44  Immortal (Chrono Boost)  
  122  8:49  Robotics Bay  
  122  8:52  Stargate  
  122  8:53  Pylon  
Tags
 
Add a new tag
Caveats
  • Supply blocks, unpowered buildings, or Contaminate may cause inaccurate times.
  • Supply counts are checked every 10 seconds.